 Dungeon Crawl Stone Soup version 0.30.1-1-g62c8e00024 (webtiles) character file.

Game seed: 16885632228886431436

21459 Gabide the Brawler (level 12, -13/112 HPs)
             Began as a Pale Draconian Transmuter on July 14, 2023.
             Engulfed by a cloud of flame (24 damage)
             ... on level 2 of the Lair of Beasts on July 17, 2023.
             The game lasted 00:27:51 (15404 turns).

Gabide the Brawler (Pale Draconian Transmuter)     Turns: 15404, Time: 00:27:51

Health: -13/112    AC: 16    Str: 16    XL:     12   Next: 54%
Magic:  15/16      EV: 15    Int: 16    God:
Gold:   630        SH:  0    Dex: 11    Spells: 14/17 levels left

rFire   . .          .
                       - Unarmed
rCold   + . .        o - orb {light}
rNeg    . . .        (body armour unavailable)
rPois   .            (helmet restricted)
rElec   .            s - +2 cloak
rCorr   .            l - +2 pair of gloves
SInv    .            p - +1 pair of boots
Will    +....        (no amulet)
Stlth   +            r - ring of willpower
HPRegen 0.38/turn    y - ring of protection from cold
MPRegen 0.15/turn

%: no passive effects
@: mighty, brilliant, about to teleport, wereblooded, glowing
A: breathe steam, AC +8, unfitting armour, cold-blooded, steam resistance
a: Breathe Steam


You were on level 2 of the Lair of Beasts.
You visited 2 branches of the dungeon, and saw 12 of its levels.

You collected 630 gold pieces.

Inventory:

Hand Weapons
 b - a +1 heavy sling
Missiles
 c - 6 silver javelins
Armour
 l - a +2 pair of gloves (worn)
 o - an orb of light (worn)
 p - a +1 pair of boots (worn)
 s - a +2 cloak (worn)
Jewellery
 k - a ring of ice
 r - a ring of willpower (left hand)
 y - a ring of protection from cold (right hand)
Wands
 q - a wand of mindburst (6)
 x - a wand of digging (13)
 C - a wand of flame (42)
Scrolls
 f - a scroll of amnesia {unknown}
 n - 5 scrolls of teleportation
 v - a scroll of immolation
 A - 2 scrolls of brand weapon
Potions
 a - 4 potions of magic
 d - a potion of cancellation {unknown}
 e - 2 potions of invisibility
 g - 3 potions of flight
 h - a potion of curing
 i - a potion of resistance {unknown}
 m - a potion of degeneration {unknown}
 t - a potion of might
 u - 2 potions of lignification
 w - 2 potions of attraction {unknown}
 z - 3 potions of mutation
 B - 3 potions of brilliance
 D - a potion of heal wounds {unknown}
Miscellaneous
 j - a phantom mirror (inert)


   Skills:
 - Level 12.0 Fighting
 - Level 9.0 Dodging
 - Level 15.0 Unarmed Combat
 - Level 3.0 Spellcasting
 + Level 4.5 Transmutations


You had 14 spell levels left.
You knew the following spells:

 Your Spells              Type           Power      Damage    Failure   Level
a - Beastly Appendage     Tmut           50%        N/A       3%          1
b - Wereblood             Tmut           25%        N/A       4%          2

Your spell library contained the following spells:

 Spells                   Type           Power      Damage    Failure   Level
 Foxfire                  Conj/Fire      12%        2x1d4     19%         1
 Summon Small Mammal      Summ           12%        N/A       19%         1
 Spider Form              Tmut/Pois      14%        N/A       22%         3
 Poisonous Vapours        Pois/Air       6%         N/A       28%         2
 Searing Ray              Conj           6%         2d4       28%         2
 Call Canine Familiar     Summ           3%         N/A       50%         3
 Mephitic Cloud           Conj/Pois/Air  3%         N/A       50%         3
 Portal Projectile        Hex/Tloc       6%         N/A       50%         3
 Ice Form                 Ice/Tmut       14%        N/A       58%         4
 Petrify                  Tmut/Erth      14%        N/A       58%         4
 Leda's Liquefaction      Hex/Erth       1%         N/A       88%         4
 Freezing Cloud           Conj/Ice/Air   1%         6-21      99%         5
 Metabolic Englaciation   Hex/Ice        1%         N/A       99%         5
 Statue Form              Tmut/Erth      9%         N/A       100%        6
 Dragon Form              Tmut           12%        N/A       100%        7


Dungeon Overview and Level Annotations

Branches:
Dungeon (10/15)            Temple (0/1) D:7            Lair (2/5) D:10
  Swamp: Lair:2-3    Shoals: Lair:2-3     Snake: Lair:2-3    Spider: Lair:2-3
    Orc: D:9-12

Altars:
Ashenzari
Cheibriados
Dithmenos
Elyvilon
Gozag
Hepliaklqana
Kikubaaqudgha
Makhleb
Nemelex Xobeh
Okawaru
Qazlal
Sif Muna
Uskayaw
Xom
Yredelemnul
The Shining One

Annotations:
D:10 2 transporters


Innate Abilities, Weirdness & Mutations

You can breathe blasts of scalding, opaque steam.
Your pale cyan-grey scales are hard. (AC +8)
You cannot fit into any form of body armour.
You are cold-blooded and may be slowed by cold attacks.
You are immune to the effects of steam.


Message History

You punch the death yak!
You feel a bit better.
You kill the death yak!
You howl as the wereblood boils in your veins!
You are engulfed in blazing flames.
The death yak is engulfed in blazing flames.
Flame seeps out of the death yak.
Training target 15.0 for Unarmed Combat reached!
Your Unarmed Combat skill increases to level 15!
You need to enable at least one skill for training.
Unknown command.
You punch the death yak!
You feel a bit better.
The death yak explodes!
The fiery explosion engulfs the death yak!!
The death yak is moderately wounded.
The fiery explosion engulfs you!!
You are engulfed in blazing flames.
* * * LOW HITPOINT WARNING * * *
The death yak is engulfed in blazing flames.
Your Transmutations skill increases to level 4!
Okay, then.
As you read the scroll of teleportation, it crumbles to dust.
You feel strangely unstable.
You are engulfed in blazing flames.
* * * LOW HITPOINT WARNING * * *
The death yak is engulfed in blazing flames.
The death yak barely misses you.
You feel better.
You are engulfed in blazing flames.
* * * LOW HITPOINT WARNING * * *
The death yak is engulfed in blazing flames.
The death yak gores you but does no damage.
As you read the scroll labelled JURCHI DAOFAMN, it crumbles to dust.
It is a scroll of brand weapon.
Your +1 sling becomes incredibly heavy!
b - a +1 heavy sling You are engulfed in blazing flames.
* * * LOW HITPOINT WARNING * * *
The death yak is engulfed in blazing flames.
The death yak gores you but does no damage.
It was a potion of brilliance.
You feel clever all of a sudden.
You are engulfed in blazing flames.
You die... ## .##.# PPPPP PPPPPP PPP...PPP .P.....PP##### PPPPPPPPP.§Y@#

#...P.PPPP..Y### ##.#
#PPP..PP......P# .....
###P.PPP........## P....
.##.PPPPP.....Y.####..†..
####.PPP......Y###.......
...# #..........#........
...#####...#....†.....#
....## #...........##..#


You could see a death yak and a yak.

Vanquished Creatures
  A centaur warrior (D:8)
  3 death yaks (Lair:2)
  A tengu warrior (D:8)
  2 two-headed ogres
  A skeletal warrior (D:8)
  An ugly thing (D:9)
  A manticore (D:9)
  4 elephants (Lair:1)
  A black mamba (Lair:1)
  An unseen horror (D:7)
  2 cane toads (Lair:1)
  4 komodo dragons
  2 trolls
  4 blink frogs (Lair:1)
  A tyrant leech (Lair:1)
  Grinder (D:5)
  A hornet (D:9)
  A slime creature (D:7)
  2 wraiths (D:10)
  Eustachio (D:5)
  26 yaks
  2 wyverns
  A steam dragon (D:9)
  2 basilisks (Lair:1)
  Grum (D:8)
  3 swamp worms (Lair:1)
  An acid dragon (D:5)
  7 water moccasins
  Duvessa (D:6)
  2 black bears (D:10)
  8 orc warriors
  2 ice beasts
  An ogre (D:5)
  4 centaurs
  2 wolves (D:8)
  3 kobold brigands
  5 bullfrogs
  A gnoll sergeant (D:10)
  5 scorpions
  Dowan (D:6)
  A water moccasin zombie (D:5)
  4 wights
  5 killer bees (D:7)
  2 howler monkeys (D:8)
  An electric eel (Lair:1)
  2 quasits (D:6)
  5 orc priests
  A gnoll bouda (D:8)
  A hound (D:6)
  9 jellies
  4 iguanas
  2 sleepcaps
  Natasha (D:3)
  12 orc wizards
  A howler monkey zombie (D:5)
  5 adders
  9 gnolls
  4 shadow imps
  4 white imps
  3 ufetubi
  A worm (D:2)
  2 dart slugs
  42 orcs
  6 ball pythons
  22 endoplasms
  7 giant cockroaches
  10 goblins
  8 hobgoblins
  4 jackals
  4 quokkas
  5 bats
  A frilled lizard (D:1)
  16 kobolds
  A rat (D:1)
318 creatures vanquished.

Vanquished Creatures (others)
  An orc (D:9)
1 creature vanquished.

Grand Total: 319 creatures vanquished

Notes
Turn   | Place    | Note
-------+----------+-------------------------------------------
     0 | D:1      | Gabide the Draconian Transmuter began the quest for the
                  | Orb.
     0 | D:1      | Reached XP level 1. HP: 16/16 MP: 3/3
   112 | D:1      | Reached XP level 2. HP: 10/23 MP: 3/5
   198 | D:1      | Found a faded altar of an unknown god.
   225 | D:1      | Got Plato's Parchment of Company
   682 | D:1      | Reached XP level 3. HP: 29/29 MP: 4/6
  1472 | D:2      | Learned a level 2 spell: Wereblood
  1700 | D:3      | Found a broken altar of Ashenzari.
  2140 | D:3      | Noticed Natasha
  2149 | D:3      | Killed Natasha
  2150 | D:3      | Reached XP level 4. HP: 31/37 MP: 5/7
  3175 | D:4      | Noticed an orc warrior
  3268 | D:4      | Reached skill level 4 in Unarmed Combat
  4335 | D:4      | Reached XP level 5. HP: 45/45 MP: 8/8
  5179 | D:5      | Entered Level 5 of the Dungeon
  5216 | D:5      | Reached skill level 5 in Unarmed Combat
  5231 | D:5      | Found a hide-covered altar of Uskayaw.
  5257 | D:5      | Reached XP level 6. HP: 51/51 MP: 9/9
  5289 | D:5      | Reached skill level 6 in Unarmed Combat
  5471 | D:5      | Noticed Eustachio
  5528 | D:5      | Killed Eustachio
  5700 | D:5      | Your scales start taking on a pale cyan-grey colour.
  5700 | D:5      | Reached XP level 7. HP: 60/60 MP: 10/10
  5700 | D:5      | Gained mutation: You are immune to the effects of steam.
                  | [Pale Draconian growth]
  5735 | D:5      | Noticed Grinder
  5743 | D:5      | Killed Grinder
  5744 | D:5      | Reached skill level 5 in Fighting
  5744 | D:5      | Reached skill level 7 in Unarmed Combat
  6144 | D:5      | Reached XP level 8. HP: 53/70 MP: 11/11
  6349 | D:5      | Reached skill level 8 in Unarmed Combat
  6353 | D:5      | Found a basalt altar of Yredelemnul.
  6831 | D:6      | Noticed Dowan
  6878 | D:6      | Reached skill level 9 in Unarmed Combat
  6880 | D:6      | Noticed Duvessa
  6887 | D:6      | Killed Duvessa
  6889 | D:6      | Killed Dowan
  7333 | D:6      | Reached XP level 9. HP: 62/78 MP: 11/13
  7674 | D:6      | Reached skill level 10 in Unarmed Combat
  7778 | D:6      | Found a white marble altar of Elyvilon.
  8078 | D:7      | Found an iron altar of Okawaru.
  8087 | D:7      | Noticed an unseen horror
  8111 | D:7      | Reached skill level 5 in Dodging
  8128 | D:7      | Killed an unseen horror
  8372 | D:7      | Found a staircase to the Ecumenical Temple.
  8481 | D:7      | Reached XP level 10. HP: 48/90 MP: 14/14
  9282 | D:8      | Noticed a two-headed ogre
  9301 | D:8      | Killed a two-headed ogre
  9302 | D:8      | Reached skill level 11 in Unarmed Combat
  9564 | D:8      | Noticed Grum
  9578 | D:8      | Killed Grum
  9579 | D:8      | Reached skill level 12 in Unarmed Combat
  9807 | D:8      | Found a shimmering altar of Xom.
  9862 | D:8      | Noticed a skeletal warrior
  9875 | D:8      | Killed a skeletal warrior
 10236 | D:9      | Found an ancient bone altar of Kikubaaqudgha.
 10361 | D:9      | Found a glowing golden altar of the Shining One.
 10647 | D:9      | Noticed a tengu warrior
 10648 | D:9      | Noticed a manticore
 10654 | D:9      | Noticed a centaur warrior
 10956 | D:8      | Killed a tengu warrior
 10957 | D:8      | Reached XP level 11. HP: 85/99 MP: 15/15
 11016 | D:8      | Killed a centaur warrior
 11017 | D:8      | Reached skill level 10 in Fighting
 11335 | D:9      | Identified the staff of poison "Kiriewne" {rPois Int+4}
 11398 | D:9      | Noticed a cyan ugly thing
 11409 | D:9      | Killed a cyan ugly thing
 11548 | D:9      | Found an opulent altar of Gozag.
 11548 | D:9      | Found a burning altar of Makhleb.
 11554 | D:9      | Found a stormy altar of Qazlal.
 11557 | D:9      | Found a faded altar of an unknown god.
 11567 | D:9      | Found a hazy altar of Hepliaklqana.
 11634 | D:10     | Entered Level 10 of the Dungeon
 11786 | D:10     | Found a transporter.
 11792 | D:10     | Noticed a centaur warrior
 11793 | D:10     | Noticed a four-headed hydra
 11793 | D:10     | Noticed a tengu warrior
 11794 | D:10     | Found a transporter.
 11794 | D:10     | Noticed a fire dragon
 11800 | D:10     | Found a shimmering blue altar of Sif Muna.
 11980 | D:10     | Found a snail-covered altar of Cheibriados.
 11982 | D:10     | Found a shadowy altar of Dithmenos.
 12172 | D:10     | Noticed a two-headed ogre
 12187 | D:10     | Killed a two-headed ogre
 12188 | D:10     | Reached skill level 13 in Unarmed Combat
 12322 | D:10     | Found a staircase to the Lair.
 13082 | D:10     | Found a sparkling altar of Nemelex Xobeh.
 13121 | Lair:1   | Entered Level 1 of the Lair of Beasts
 13355 | Lair:1   | Identified the +0 plate armour of Temperance {rF+ Int+4}
 13900 | Lair:1   | Reached XP level 12. HP: 111/111 MP: 16/16
 13923 | Lair:1   | Identified the +0 robe of Itualom {*Corrode rN+++ Str-3
                  | Slay+3}
 14071 | Lair:1   | Reached skill level 14 in Unarmed Combat
 15039 | Lair:1   | Got the Spellbook of Altered Arcane Weapons
 15363 | Lair:2   | Noticed a death yak
 15363 | Lair:2   | Noticed a death yak
 15364 | Lair:2   | Noticed a death yak
 15366 | Lair:2   | Noticed a death yak
 15367 | Lair:2   | Noticed a death yak
 15397 | Lair:2   | Killed a death yak
 15399 | Lair:2   | Killed a death yak
 15400 | Lair:2   | Reached skill level 15 in Unarmed Combat
 15400 | Lair:2   | Killed a death yak
 15404 | Lair:2   | Engulfed by a cloud of flame

Illustrated notes

Levels and vault maps discovered:
D:1:      enne_arrival_octagon_isle, layout_basic,
          shapermc_ecumenical_altar_rom_forum
D:2:      layout_loops_ring, nicolae_elevator_lobby_asterisk
D:3:      layout_basic, lemuel_coloured_pillars_altar, uniq_natasha
D:4:      minmay_chambers_of_fours, layout_loops_ring, solitary_fountain,
          nicolae_figureground_pulse
D:5:      layout_basic, eat_drink_and_be_merry_uskayaw,
          lemuel_zombie_altar_yredelemnul, serial_aquarium,
          aquarium_bridge_square [aquarium_subvault_bridge,
          aquarium_subvault_bridge, aquarium_subvault_window,
          aquarium_subvault_window], aquarium_bridge_square
          [aquarium_subvault_bridge, aquarium_subvault_bridge,
          aquarium_subvault_balcony, aquarium_subvault_bridge],
          aquarium_window_corner, aquarium_window_corner, aquarium_view_2a,
          aquarium_balcony_3b, aquarium_pool_four, uniq_eustachio, uniq_grinder
D:6:      layout_loops_ring, lemuel_round_altar, serial_demonic,
          serial_demonic_b, serial_demonic_e, serial_demonic_e,
          serial_demonic_a, serial_demonic_b, uniq_duvessa
D:7:      lemuel_slime, layout_loops_ring, mainiacjoe_overflow_catwalk,
          minmay_temple_entry_offerings
D:8:      layout_cave_pools, mainiacjoe_overflow_six_doors_small,
          minmay_microvault, uniq_grum
D:9:      minmay_blocky_corners, layout_rooms, nicolae_overflow_crystal_walls,
          overflow_temple_1_default, chequers_temple_overflow_minitemple
D:10:     layout_stronghold, nemelex_spade_bored_becter,
          gammafunk_temple_overflow_arena, grunt_temple_overflow_open,
          due_lair_maze_entry_diamond, minmay_misc_feat_rugged
Lair:1:   layout_gridlike, worms_lemuel, grunt_megastairs_5,
          serial_bayou_shore_a
Lair:2:   beargit_carnivore_pack, layout_cave_pods, serial_forest,
          infiniplex_forest_side_room, infiniplex_forest_clump_medium,
          infiniplex_forest_zigzag_1, infiniplex_forest_straight_3,
          infiniplex_forest_straight_3, infiniplex_forest_fountain,
          infiniplex_forest_straight_1, lemuel_old_faithful, uniq_fannar

Skill      XL: |  1  2  3  4  5  6  7  8  9 10 11 12 |
---------------+-------------------------------------+-----
Dodging        | 2 3 5 6 8 9 |  9.0
Fighting       | 2 3 4 6 8 9 11 12 | 12.0
Unarmed Combat | 4 5 6 7 9 10 12 13 15 | 15.0
Spellcasting   | 3 |  3.0
Transmutations | 3 4 |  4.5

Action                     |  1- 3 |  4- 6 |  7- 9 | 10-12 || total
---------------------------+-------+-------+-------+-------++-------
  Melee: Unarmed           |   108 |   148 |   352 |   564 ||  1172
         Kick              |    13 |    12 |    11 |    10 ||    46
         Tailslap          |     8 |    20 |    71 |   121 ||   220
         Headbutt          |     6 |    11 |    12 |     8 ||    37
         Punch             |       |     4 |       |       ||     4
   Fire: Sling             |    20 |    46 |     6 |       ||    72
  Throw: Javelin           |       |       |     1 |     1 ||     2
         Throwing net      |       |       |       |     2 ||     2
   Cast: Beastly Appendage |    28 |     5 |     4 |     4 ||    41
         Wereblood         |       |     5 |    10 |    19 ||    34
Ability: Breathe Steam     |       |       |     3 |     9 ||    12
  Evoke: Wand              |       |     3 |     5 |    16 ||    24
         Phantom mirror    |       |       |       |     2 ||     2
    Use: Potion            |     1 |     1 |       |     5 ||     7
         Scroll            |       |    12 |     2 |    12 ||    26
   Stab: Paralysed         |       |       |       |     6 ||     6
 Armour: Skin              |    39 |    46 |   160 |   228 ||   473
  Dodge: Dodged            |    71 |   106 |   203 |   424 ||   804
